 Dungeon Crawl Stone Soup version 0.29.0-10-g45618ea6d2 (webtiles) character file.

Game seed: 10413161977129849094

1060 themarg the Cudgeller (level 8, -5/64 HPs)
             Began as a Gnoll Wanderer on Sept 1, 2022.
             Was an Initiate of Hepliaklqana.
             Slain by an ogre
             ... wielding a +0 giant spiked club
              (9 damage)
             ... on level 5 of the Dungeon.
             The game lasted 00:19:36 (6304 turns).

themarg the Cudgeller (Gnoll Wanderer)              Turns: 6304, Time: 00:19:37

Health: -5/64      AC:  5    Str: 22    XL:     8   Next: 27%
Magic:  12/12      EV: 12    Int:  7    God:    Hepliaklqana [......]
Gold:   258        SH:  5    Dex: 13    Spells: 13/13 levels left

rFire   . . .      SeeInvis .   h - +9 lajatang "Mienlats" {flame, Str+6 Int-3 Dex+2}
rCold   + . .      Faith    .   (shield currently unavailable)
rNeg    . . .      Spirit   .   d - +0 leather armour
rPois   +          Reflect  +   f - +1 helmet
rElec   .          Harm     .   (no cloak)
rCorr   .          Rampage  .   (no gloves)
Will    .....                   (no boots)
Stlth   ++........              w - amulet of reflection
HPRegen 0.20/turn               l - ring of poison resistance
MPRegen 0.13/turn               (no ring)

@: no status effects
A: fangs 1, strong nose, distributed training, cold resistance 1
a: Renounce Religion


You were on level 5 of the Dungeon.
You worshipped Hepliaklqana.
Hepliaklqana was noncommittal.
You visited 2 branches of the dungeon, and saw 6 of its levels.
You also visited: Sewer.

You collected 258 gold pieces.

Inventory:

Hand Weapons
 h - the +9 lajatang "Mienlats" (weapon) {flame, Str+6 Int-3 Dex+2}
   (You acquired it on level 4 of the Dungeon)

   It burns those it strikes, dealing additional fire damage.
   Big, fiery blades are also staple armaments of hydra-hunters.
   Str:       It affects your strength (+6).
   Int:       It affects your intelligence (-3).
   Dex:       It affects your dexterity (+2).
 s - a +5 dagger of venom
Missiles
 m - 3 curare-tipped darts
 n - 2 throwing nets
 o - 37 poisoned darts (quivered)
 y - 4 atropa-tipped darts
Armour
 d - a +0 leather armour (worn)
 f - a +1 helmet (worn)
 j - a +2 kite shield
 z - the +9 plate armour of Kaosoic {Str-5 Dex+5}
   (You found it on level 4 of the Dungeon)

   Str:       It affects your strength (-5).
   Dex:       It affects your dexterity (+5).
Jewellery
 l - a ring of poison resistance (left hand)
 w - an amulet of reflection (around neck)
Wands
 a - a wand of roots (5)
Scrolls
 c - a scroll of summoning
 e - 2 scrolls of magic mapping
 g - 2 scrolls of enchant weapon
 p - a scroll of enchant armour
 q - 3 scrolls of teleportation
 r - 3 scrolls of poison
 t - a scroll of amnesia {unknown}
 u - a scroll of fear {unknown}
 x - a scroll of blinking {unknown}
Potions
 b - 2 potions of heal wounds
 i - 3 potions of curing
 k - 2 potions of mutation
 v - a potion of haste {unknown}


   Skills:
 + Level 5.6 Fighting
 + Level 3.2 Short Blades
 + Level 3.2 Long Blades
 + Level 5.6 Axes
 + Level 7.3 Maces & Flails
 + Level 3.2 Polearms
 + Level 3.2 Staves
 + Level 3.2 Ranged Weapons
 + Level 3.2 Throwing
 + Level 4.2 Armour
 + Level 3.2 Dodging
 + Level 3.2 Stealth
 + Level 3.2 Shields
 + Level 3.2 Unarmed Combat
 + Level 3.2 Spellcasting
 + Level 2.6 Conjurations
 + Level 2.6 Hexes
 + Level 2.6 Summonings
 + Level 2.6 Necromancy
 + Level 2.6 Translocations
 + Level 2.6 Transmutations
 + Level 2.6 Fire Magic
 + Level 2.6 Ice Magic
 + Level 2.6 Air Magic
 + Level 2.6 Earth Magic
 + Level 2.6 Poison Magic
 + Level 4.5 Invocations
 + Level 4.2 Evocations


You had 13 spell levels left.
You didn't know any spells.
Your spell library contained the following spells:

 Spells                   Type           Power      Damage    Failure   Level
 Summon Small Mammal      Summ           16%        N/A       13%         1
 Call Canine Familiar     Summ           4%         N/A       36%         3
 Dazzling Flash           Conj/Hex       8%         N/A       36%         3
 Summon Guardian Golem    Hex/Summ       4%         N/A       36%         3
 Iskenderun's Mystic Bla  Conj/Tloc      4%         2d3       78%         4
 Starburst                Conj/Fire      2%         6d3       100%        6


Dungeon Overview and Level Annotations

Branches:
Dungeon (5/15)             Temple (1/1) D:5           Sewer (visited)

Altars:
Ashenzari
Fedhas
Gozag
Hepliaklqana
Kikubaaqudgha
Makhleb
Okawaru
Qazlal
Ru
Sif Muna
Vehumet
Wu Jian
Xom
Yredelemnul
Zin
The Shining One

Shops:
D:2 :   D:3 [:

Annotations:
D:3 2 exclusions


Innate Abilities, Weirdness & Mutations

You have very sharp teeth.
Your uncanny sense of smell can sniff out nearby items.
Your experience applies equally to all skills.
Your flesh is cold resistant. (rC+)


Message History

You kneel at the altar of Hepliaklqana.
Hepliaklqana welcomes you!
There is a glowing silver altar of Zin here.
There is a staircase back to the Dungeon here.
You climb upwards.
Welcome back to the Dungeon!
There is a staircase to the Ecumenical Temple here.
A centaur is nearby!
Found an iron altar of Okawaru.
An ogre comes into view. It is wielding a +0 giant spiked club.
The ogre hits you with a +0 giant spiked club!!
An orc comes into view.
It is wielding a +2 short sword of electrocution.
You barely miss the ogre.
The centaur shouts!
Your bite misses the ogre. The ogre barely misses you.
You block the ogre's attack.
The centaur hits you but does no damage.
The centaur kicks you.
You closely miss the ogre. The centaur hits you. The centaur misses you.
The ogre hits you with a +0 giant spiked club!!
* * * LOW HITPOINT WARNING * * *
The centaur hits you but does no damage.
The centaur kicks you.
* * * LOW HITPOINT WARNING * * *
The ogre attacks as you move away!
The ogre hits you with a +0 giant spiked club!
* * * LOW HITPOINT WARNING * * *
The orc closely misses you.
The centaur wields a +0 shortbow.
The centaur shoots an arrow.
The arrow barely misses you.
You feel much better.
The centaur shoots an arrow.
The arrow misses you.
The orc hits you with a +2 short sword of electrocution.
You hit the ogre. You burn the ogre.
The ogre is lightly wounded.
The ogre closely misses you. The orc closely misses you.
You barely miss the ogre.
The ogre is lightly wounded.
The orc hits you with a +2 short sword of electrocution.
You are electrocuted!!
* * * LOW HITPOINT WARNING * * *
The ogre hits you with a +0 giant spiked club!
You die...

#. ## #. .... ### #.#. ####
#.. #... ∆ ..# #.# ... #.#
##..
#.#.##.########.########...
........cO@...........#..##
.≈≈≈≈.._.o≈≈≈≈..PPPP.....##
.......................#...
###.#.......#.#..#..##.####
.. #.......#.##.#.....# ##
#.......#.##.#..####
##.......#.......#
###........######.## .....
########.#


You could see an ogre, a centaur and an orc.

Vanquished Creatures
  6 kobold brigands (Sewer)
  2 scorpions
  A jelly (D:4)
  An orc priest (D:4)
  4 hounds
  2 iguanas
  2 orc wizards
  3 gnolls (D:3)
  6 adders
  2 river rats
  An ufetubus (D:4)
  4 dart slugs
  4 worms
  15 orcs
  11 ball pythons
  15 endoplasms
  4 giant cockroaches
  5 goblins
  4 hobgoblins
  5 jackals
  2 quokkas (D:3)
  4 bats
  4 frilled lizards
  11 kobolds
  12 rats
130 creatures vanquished.

Notes
Turn   | Place    | Note
-------+----------+-------------------------------------------
     0 | D:1      | themarg the Gnoll Wanderer began the quest for the Orb.
     0 | D:1      | themarg set off with the following items: a +3 mace, a +0
                  | hand axe, a scroll of summoning, a +0 leather armour.
     0 | D:1      | Reached XP level 1. HP: 20/20 MP: 2/2
   235 | D:1      | Reached XP level 2. HP: 26/26 MP: 3/3
   922 | D:1      | Reached XP level 3. HP: 22/31 MP: 4/4
  1180 | D:2      | Found Igadwu's Book Boutique.
  1552 | D:2      | Reached skill level 1 in Short Blades
  1552 | D:2      | Reached skill level 1 in Long Blades
  1552 | D:2      | Reached skill level 1 in Polearms
  1552 | D:2      | Reached skill level 1 in Staves
  1552 | D:2      | Reached skill level 1 in Ranged Weapons
  1552 | D:2      | Reached skill level 1 in Throwing
  1552 | D:2      | Reached skill level 1 in Dodging
  1552 | D:2      | Reached skill level 1 in Stealth
  1552 | D:2      | Reached skill level 1 in Shields
  1552 | D:2      | Reached skill level 1 in Unarmed Combat
  1552 | D:2      | Reached skill level 1 in Spellcasting
  2069 | D:3      | Reached XP level 4. HP: 14/38 MP: 6/6
  2232 | D:3      | Reached skill level 1 in Conjurations
  2232 | D:3      | Reached skill level 1 in Hexes
  2232 | D:3      | Reached skill level 1 in Summonings
  2232 | D:3      | Reached skill level 1 in Necromancy
  2232 | D:3      | Reached skill level 1 in Translocations
  2232 | D:3      | Reached skill level 1 in Transmutations
  2232 | D:3      | Reached skill level 1 in Fire Magic
  2232 | D:3      | Reached skill level 1 in Ice Magic
  2232 | D:3      | Reached skill level 1 in Air Magic
  2232 | D:3      | Reached skill level 1 in Earth Magic
  2232 | D:3      | Reached skill level 1 in Poison Magic
  2288 | D:3      | Found a glowing drain.
  2292 | Sewer    | Entered a sewer
  2658 | Sewer    | Noticed a kobold brigand
  2671 | Sewer    | Killed a kobold brigand
  2672 | Sewer    | Reached XP level 5. HP: 19/43 MP: 7/7
  2928 | Sewer    | Noticed a kobold brigand
  2949 | Sewer    | Killed a kobold brigand
  2950 | Sewer    | Reached XP level 6. HP: 22/50 MP: 8/8
  3344 | Sewer    | Reached skill level 5 in Fighting
  3344 | Sewer    | Reached skill level 5 in Axes
  3812 | Sewer    | Gained mutation: Your flesh is cold resistant. (rC+)
                  | [potion of mutation]
  3812 | Sewer    | HP: 2/51 [kobold brigand/+0 club (1)]
  3813 | Sewer    | Reached skill level 7 in Maces & Flails
  3813 | Sewer    | Reached XP level 7. HP: 3/56 MP: 10/10
  4089 | D:3      | Found a faded altar of an unknown god.
  4147 | D:3      | Found Iliuny's Armour Emporium.
  4659 | D:3      | Found Xaemats's Vocational Training.
  4709 | D:4      | Identified a scroll of acquirement
  4710 | D:4      | Acquired the +9 lajatang "Mienlats" {flame, Str+6 Int-3
                  | Dex+2}
  4964 | D:4      | Identified the +9 plate armour of Kaosoic {Str-5 Dex+5}
  5331 | D:4      | Reached XP level 8. HP: 37/63 MP: 12/12
  5805 | D:5      | Entered Level 5 of the Dungeon
  6060 | D:5      | Found a blossoming altar of Fedhas.
  6112 | D:5      | Found a staircase to the Ecumenical Temple.
  6124 | Temple   | Entered the Ecumenical Temple
  6240 | Temple   | Became a worshipper of Hepliaklqana the Forgotten
  6287 | D:5      | Found an iron altar of Okawaru.
  6304 | D:5      | Slain by an ogre

Illustrated notes

Levels and vault maps discovered:
D:1:      minmay_arrival_split_and_join, layout_basic, kennysheep_boxes
D:2:      layout_loops_ring, serial_shops, nicolae_shop_advertising_works
          [nicolae_subvault_shop_adworks], kennysheep_decorative_pillar
D:3:      kb_forest_paths, layout_basic, shapermc_ecumenical_altar_pompeii,
          serial_shops, nicolae_shop_hallway_stairs, gup_sewer_entry_spiral,
          nicolae_shop_vocational
D:4:      layout_basic
D:5:      layout_loops_cross, mainiacjoe_overflow_boulevard,
          kennysheep_mini_moat, temple_hall
Temple:   eino_temple_rhombus

Skill      XL: |  1  2  3  4  5  6  7 |
---------------+----------------------+-----
Short Blades   | 1 2 3 |  3.2
Long Blades    | 1 2 3 |  3.2
Polearms       | 1 2 3 |  3.2
Staves         | 1 2 3 |  3.2
Ranged Weapons | 1 2 3 |  3.2
Throwing       | 1 2 3 |  3.2
Dodging        | 1 2 3 |  3.2
Stealth        | 1 2 3 |  3.2
Shields        | 1 2 3 |  3.2
Unarmed Combat | 1 2 3 |  3.2
Spellcasting   | 1 2 3 |  3.2
Conjurations   | 1 2 |  2.6
Hexes          | 1 2 |  2.6
Summonings     | 1 2 |  2.6
Necromancy     | 1 2 |  2.6
Translocations | 1 2 |  2.6
Transmutations | 1 2 |  2.6
Fire Magic     | 1 2 |  2.6
Ice Magic      | 1 2 |  2.6
Air Magic      | 1 2 |  2.6
Earth Magic    | 1 2 |  2.6
Poison Magic   | 1 2 |  2.6
Armour         | 3 4 |  4.2
Invocations    | 3 4 |  4.5
Evocations     | 3 4 |  4.2
Fighting       | 5 |  5.6
Axes           | 5 |  5.6
Maces & Flails | 7 |  7.3

Action                   |  1- 3 |  4- 6 |  7- 9 || total
-------------------------+-------+-------+-------++-------
Melee: Mace              |    30 |       |       ||    30
       Bite              |     5 |    21 |     4 ||    30
       Short sword       |    69 |   108 |       ||   177
       Punch             |     1 |     1 |     1 ||     3
       Dagger            |       |    60 |    32 ||    92
       Lajatang          |       |       |    82 ||    82
  Use: Potion            |       |     1 |     4 ||     5
       Scroll            |       |       |     7 ||     7
 Stab: Sleeping          |     1 |       |     3 ||     4
       Distracted        |       |       |     1 ||     1
Armor: Leather armour    |    38 |    58 |    29 ||   125
Dodge: Dodged            |    60 |   113 |    86 ||   259
Block: Other             |       |       |     6 ||     6
